 Seeded DCSS version 0.30-a0-1043-g60ff8d5f49 (webtiles) character file.

Game seed: 4051328755992105930 (custom seed)

263 Pimp the Trooper (level 6, -4/52 (56) HPs)
             Began as a Hill Orc Fighter on Apr 10, 2023.
             Slain by a wight
             ... wielding a +0 halberd
              (6 damage)
             ... on level 4 of the Dungeon.
             The game lasted 00:05:28 (2260 turns).

Pimp the Trooper (Hill Orc Fighter)                 Turns: 2260, Time: 00:05:28

HP:   -4/52 (56)    AC: 13    Str: 19    XL:     6   Next: 19%
MP:   6/6           EV:  9    Int: 10    God:
Gold: 181           SH:  4    Dex: 10    Spells: 5/5 levels left

rFire   . . .      SeeInvis .    a - +1 war axe
rCold   . . .      Faith    .    c - +0 buckler
rNeg    . . .      Spirit   .    b - +0 scale mail
rPois   .          Reflect  .    k - +0 helmet
rElec   .          Rampage  .    f - +2 cloak
rCorr   .                        e - +1 pair of gloves
Will    .....                    (no boots) Stlth
                                 (no amulet)
HPRegen 0.28/turn                (no ring)
MPRegen 0.10/turn                (no ring)

@: studying Shields, drained
A: no striking features
a: no special abilities


You were on level 4 of the Dungeon.
You visited 1 branch of the dungeon, and saw 4 of its levels.

You collected 181 gold pieces.

Inventory:

Hand Weapons
 a - a +1 war axe (weapon)
Armour
 b - a +0 scale mail (worn)
 c - a +0 buckler (worn)
 e - a +1 pair of gloves (worn)
 f - a +2 cloak (worn)
 j - the +0 toga "Victory" {*Victory Clar}
   (You found it on level 2 of the Dungeon)

   *Victory:  When the wearer kills a threatening monster, it has a chance to
   gain +1 AC, +1 Slay, and +1 Int, capping at +7.
   When the wearer uses a scroll or a potion with a hostile monster in sight,
   its bonuses reset to +0.
   Unequipping it also resets its bonuses to +0.
   Clar:      It protects you against confusion.
 k - a +0 helmet (worn)
Potions
 d - a potion of might
 g - a potion of ambrosia {unknown}
 h - a potion of heal wounds
 i - 3 potions of haste {unknown}
 l - a potion of berserk rage {unknown}
 m - a potion of mutation {unknown}
 n - 3 potions of flight {unknown}
 o - a potion of magic {unknown}


   Skills:
 + Level 5.1 Fighting
 + Level 4.7 Axes
 + Level 4.6 Armour
 + Level 4.7 Shields


You had 5 spell levels left.
You didn't know any spells.
Your spell library contained the following spells:

 Spells                   Type           Power      Damage    Failure   Level
 Cigotuvi's Dreadful Rot  Necr/Pois/Air  0%         N/A       91%         2
 Ignite Poison            Fire/Tmut/Pois 0%         N/A       99%         3
 Freezing Cloud           Conj/Ice/Air   0%         6-21      100%        5


Dungeon Overview and Level Annotations

Branches:
Dungeon (4/15)
 Temple: D:4-7

Altars:


Message History

You kill the hobgoblin!
You see here a hobgoblin corpse.
A wight comes into view. It is wielding a +0 scimitar.
A wight is nearby! 2 wights come into view.
Blink to where?
Press: ? - help, Dir - move target
As you read the scroll labelled NAOLOAGOKHLO, it crumbles to dust.
It was a scroll of blinking.
This is a scroll of acquirement!
You see here a manual of Shields.
Something appears at your feet!
You pick up a manual of Shields and begin studying.
You slash the wight!
The wight is severely damaged.
The wight misses you.
You closely miss the wight.
The wight is severely damaged.
The wight hits you with a +0 scimitar.
You feel drained. The wight closely misses you. You block the wight's attack.
The wight barely misses you. The wight hits you with a +4 scimitar!
You feel drained. The wight hits you with a +0 scimitar.
You hit the wight but do no damage. You hit the wight. x2
The wight barely misses you. x2; The wight hits you with a +0 halberd.
You feel drained.
You closely miss the wight. You hit the wight.
You destroy the wight!
You hit the wight. The wight hits you but does no damage.
The wight hits you with a +0 halberd.
You feel drained.
Your Fighting skill increases to level 5!
You have reached level 6!
You closely miss the wight. You hit the wight.
The wight hits you with a +4 scimitar! The wight hits you but does no damage.
The wight barely misses you. The wight closely misses you.
You closely miss the wight. You hit the wight but do no damage.
The wight hits you with a +4 scimitar!
* * * LOW HITPOINT WARNING * * *
You feel drained.
* * * LOW HITPOINT WARNING * * *
The wight hits you with a +0 halberd.
You die...

#..##### #......#
#.####.# ## #.# #.# .#
########.# #.# .#
#.....†..# #.# .#
#.######## #.# .# #.#
######.### .# #.#
#.....)@z##.###.z.
#.######.####.#z.......z.
#........# #.#..#.###...
#.######## #.#..#.# #.#
#.#....# #.# #..#.#.# #.#
##.#.#.# #.# #### #.#.#.#
#.. ..# #.#.#.[


You could see 2 wights.

Vanquished Creatures
  A wight (D:4)
  A hound (D:4)
  A sleepcap (D:4)
  8 adders
  2 dart slugs (D:1)
  An orc (D:3)
  3 ball pythons
  5 bats
  8 endoplasms
  5 giant cockroaches
  9 goblins
  5 hobgoblins
  7 jackals (D:1)
  7 kobolds
  7 quokkas
  3 frilled lizards
  4 rats (D:1)
77 creatures vanquished.

Notes
Turn   | Place    | Note
-------+----------+-------------------------------------------
     0 | D:1      | Pimp the Hill Orc Fighter began the quest for the Orb.
     0 | D:1      | Reached XP level 1. HP: 19/19 MP: 1/1
    21 | D:1      | Reached XP level 2. HP: 26/27 MP: 2/2
   174 | D:1      | Reached skill level 4 in Fighting
   175 | D:1      | Reached XP level 3. HP: 33/33 MP: 3/3
   664 | D:2      | Reached XP level 4. HP: 24/40 MP: 4/4
   867 | D:2      | Found the +0 toga "Victory" {*Victory Clar}
  1319 | D:3      | Reached XP level 5. HP: 44/47 MP: 5/5
  2248 | D:4      | Identified a scroll of acquirement
  2248 | D:4      | Acquired a manual of Shields
  2259 | D:4      | Reached skill level 5 in Fighting
  2259 | D:4      | Reached XP level 6. HP: 24/54 MP: 6/6
  2260 | D:4      | HP: 2/52 [wight/+4 scimitar (5)]
  2260 | D:4      | Slain by a wight

Illustrated notes

Levels and vault maps discovered:
D:1:      evilmike_arrival_crescent, layout_basic, minmay_misc_feat_columns
D:2:      layout_rooms
D:3:      layout_loops_ring, chequers_serial_rivers_micro_b
D:4:      layout_loops_ring, nicolae_specific_store

Skill      XL: |  1  2  3  4  5 |
---------------+----------------+-----
Axes           | 3 4 |  4.7
Fighting       | 4 5 |  5.1
Armour         | 4 |  4.6
Shields        | 4 |  4.7

Action                     |  1- 3 |  4- 6 || total
---------------------------+-------+-------++-------
  Melee: War axe           |   125 |   118 ||   243
    Use: Potion            |     2 |       ||     2
         Scroll            |       |    10 ||    10
 Armour: Scale mail        |    90 |    54 ||   144
  Dodge: Dodged            |    74 |    72 ||   146
  Block: Buckler           |    30 |    20 ||    50

Table legend: (Time is in decaauts)
 A = Elapsed time spent in this place.
 B = Non-inter-level travel time spent in this place.
 C = Inter-level travel time spent in this place.
 D = Time resting spent in this place.
 E = Time spent auto-exploring this place.
 F = Levels seen in this place.
 G = Mean time per level.
                   A        B        C        D        E       F      G
               +--------+--------+--------+--------+--------+-----+--------+
         Total |   2348 |   2260 |     88 |    189 |   1413 |   4 |  587.0 |
       Dungeon |   2348 |   2260 |     88 |    189 |   1413 |   4 |  587.0 |
               +--------+--------+--------+--------+--------+-----+--------+

Top non-repeatable levels by time:
     D:2: 798 daAuts
     D:3: 701 daAuts
     D:1: 449 daAuts
     D:4: 398 daAuts
